 Dungeon Crawl Stone Soup version 0.23-a0-167-gf92cf62f8f (webtiles) character file.

25 PikkenKukken the Skirmisher (level 2, -1/24 HPs)
             Began as a Demonspawn Fighter on Sept 11, 2018.
             Killed from afar by a white imp (5 damage)
             ... with a puff of frost
             ... summoned by Natasha
             ... on level 2 of the Dungeon.
             The game lasted 00:00:58 (708 turns).

PikkenKukken the Skirmisher (Demonspawn Fighter)     Turns: 708, Time: 00:00:59

Health: -1/24      AC:  6    Str: 16    XL:     2   Next: 82%
Magic:  2/2        EV:  6    Int:  9    God:
Gold:   57         SH:  8    Dex: 12    Spells: 1/1 levels left

rFire    . . .     SeeInvis .   a - +0 rapier
rCold    . . .     Gourm    .   c - +0 shield
rNeg     . . .     Faith    .   b - +0 scale mail
rPois    .         Spirit   .   (no helmet)
rElec    .         Reflect  .   (no cloak)
rCorr    .         Harm     .   (no gloves)
MR       .....                  (no boots)
Stlth    ..........             (no amulet)
HPRegen  0.08/turn              (no ring)
MPRegen  0.08/turn              (no ring)

@: slowed, very slow
A: hooves 1
a: no special abilities


You were on level 2 of the Dungeon.
You were not hungry.

You visited 1 branch of the dungeon, and saw 2 of its levels.

You collected 57 gold pieces.

Inventory:

Hand Weapons
 a - a +0 rapier (weapon)
 h - a +1 dagger of freezing
Armour
 b - a +0 scale mail (worn)
 c - a +0 shield (worn)
Potions
 d - a potion of might
 e - a potion of cancellation {unknown}
Comestibles
 f - a ration
 g - 4 chunks of flesh


   Skills:
 + Level 3.2 Fighting
 * Level 2.3 Short Blades
 + Level 2.9 Armour
 + Level 2.9 Shields


You had one spell level left.
You didn't know any spells.
Your spell library was empty.

Dungeon Overview and Level Annotations

Branches:
Dungeon (2/15)

Altars:

Annotations:
D:2 Natasha


Innate Abilities, Weirdness & Mutations

You have large cloven feet.


Message History

The white imp hits you but does no damage.
You hit Natasha.
Natasha is severely wounded.
The bat barely misses you. You block the bat's attack.
Natasha claws you but does no damage. You block the white imp's attack.
The bat hits you but does no damage. You block Natasha's attack.
You miss Natasha.
Natasha is severely wounded.
You block the bat's attack. The white imp gestures at you.
You block the puff of frost.
Natasha stares at you and mumbles some strange words.
You feel yourself slow down.
Your scale mail prevents you from hitting Natasha.
Your kick misses Natasha.
Natasha is severely wounded.
The bat barely misses you. The white imp gestures at you.
The puff of frost hits you!
You die...

## ... #.# #.#
.# ###.### #. #
....$ .....
#.####h5###..#.#
#...(.@.........
#.####.b###..#
#.......#.##
#...<.......
........#.####.
####..... ..
###..#. #.#
...#.. # ..!.#
.#


You could see Natasha, a white imp and a bat.

Vanquished Creatures
  A leopard gecko (D:1)
  2 goblins (D:1)
  3 hobgoblins (D:1)
  3 jackals (D:1)
  5 kobolds (D:1)
  3 bats (D:1)
  3 frilled lizards (D:1)
  4 rats (D:1)
24 creatures vanquished.

Notes
Turn   | Place    | Note
-------+----------+-------------------------------------------
     0 | D:1      | PikkenKukken the Demonspawn Fighter began the quest for the
                  | Orb.
     0 | D:1      | Reached XP level 1. HP: 18/18 MP: 1/1
     3 | D:1      | Noticed an electric eel
     3 | D:1      | Noticed an electric eel
   312 | D:1      | Gained mutation: You have large cloven feet. [demonic
                  | ancestry]
   312 | D:1      | Reached XP level 2. HP: 24/24 MP: 2/2
   692 | D:2      | Noticed Natasha
   708 | D:2      | Killed from afar by a white imp

Vault maps used:
D:1:      arrival_aquarium_b
D:2:      nemelex_dance_club_becter, uniq_jessica, uniq_natasha, uniq_terence

Skill      XL: |  1 |
---------------+----+-----
Short Blades   | 2 |  2.3
Fighting       | |  3.2
Armour         | |  2.9
Shields        | |  2.9

Action                   || total
-------------------------++-------
Melee: Rapier            ||    78
       Kick              ||     9
Armor: Scale mail        ||    43
Dodge: Dodged            ||    23
Block: Shield            ||    36

Table legend:
 A = Non-vault XP
 B = Vault XP
 C = Vault XP percentage of total XP
 D = Non-vault monster count
 E = Vault monster count
 F = Vault count percentage of total count
                 A         B        C        D         E       F
            +---------+---------+-------+---------+---------+-------
      Total |      36 |       0 |   0.0 |      24 |       0 |   0.0
            +---------+---------+-------+---------+---------+-------
        D:1 |      36 |       0 |   0.0 |      24 |       0 |   0.0
            +---------+---------+-------+---------+---------+-------
